 Dungeon Crawl Stone Soup version 0.20.1-1-g8b1a95d (webtiles) character file.

109 kae the Poker (level 4, -4/44 HPs)
             Began as a Naga Fighter on Sept 26, 2017.
             Slain by a gnoll
             ... wielding a +0 whip
              (6 damage)
             ... on level 2 of the Dungeon.
             The game lasted 00:00:59 (820 turns).

kae the Poker (Naga Fighter)                         Turns: 820, Time: 00:01:00

Health: -4/44      AC:  6    Str: 19    XL:     4   Next: 89%
Magic:  4/4        EV:  5    Int:  8    God:
Gold:   56         SH:  8    Dex: 11    Spells: 3/3 levels left

rFire    . . .     SeeInvis +   a - +0 trident
rCold    + . .     Gourm    .   c - +0 shield
rNeg     . . .     Faith    .   b - +0 scale mail
rPois    +         Spirit   .   (no helmet)
rElec    .         Reflect  .   (no cloak)
rCorr    .         Harm     .   e - +0 pair of gloves
MR       .....                  (no barding)
Stlth    ..........             (no amulet)
Regen    0.2/turn               k - ring of protection from fire
MPRegen  0.1/turn               n - ring of ice

@: very slow
A: see invisible, deformed body, poison resistance, slowness 2, slow metabolism
1, spit poison 1, AC +1
a: Spit Poison


You were on level 2 of the Dungeon.
You were not hungry.

You visited 1 branch of the dungeon, and saw 2 of its levels.

You collected 56 gold pieces.

Inventory:

Hand Weapons
 a - a +0 trident (weapon)
Armour
 b - a +0 scale mail (worn)
 c - a +0 shield (worn)
 e - a +0 pair of gloves (worn)
Jewellery
 k - a ring of protection from fire (left hand)
 n - a ring of ice (right hand)
Scrolls
 g - a scroll of blinking {unknown}
 h - 2 scrolls of identify {unknown}
 j - a scroll of teleportation {unknown}
 l - a scroll of enchant armour {unknown}
 m - a scroll of magic mapping {unknown}
Potions
 d - a potion of might
Comestibles
 f - a bread ration
 i - 4 fruits
 o - a meat ration


   Skills:
 + Level 3.7 Fighting
 * Level 3.8 Polearms
 + Level 2.9 Armour
 - Level 2.4 Shields


You had 3 spell levels left.
You didn't know any spells.

Dungeon Overview and Level Annotations

Branches:
Dungeon (2/15)

Altars:


Innate Abilities, Weirdness & Mutations

You cannot wear boots.
Your serpentine skin is tough. (AC +1)
You have supernaturally acute eyesight. (SInv)
Armour fits poorly on your strangely shaped body.
Your system is resistant to poisons. (rPois)
You cover ground very slowly.
You have a slow metabolism.
You can spit poison.


Message History

You puncture the goblin!
You kill the goblin!
A goblin comes into view. It is wielding a dagger.
You block the gnoll's attack. The gnoll hits you with a whip!
* * * LOW HITPOINT WARNING * * *
You barely miss the gnoll. You block the gnoll's attack.
The gnoll hits you with a whip!
* * * LOW HITPOINT WARNING * * *
Your shield prevents you from hitting the gnoll.
You feel yourself speed up. The gnoll hits you with a whip.
* * * LOW HITPOINT WARNING * * *
You hit the gnoll.
The gnoll is heavily wounded.
You block the gnoll's attack. The gnoll hits you but does no damage.
Okay, then.
Your shield prevents you from hitting the gnoll.
The gnoll is heavily wounded.
The gnoll hits you with a whip.
You die...

#...... #......
.##################.####
....................>#
..####.###########..# #
#.# #[.# #.#..###.#
#..### .....)(..# #.....
..##.###@# #..... #g#
#..... #g# #..... #.#
#..... #.# #..... #.#
##.... #.# .#######.###
#.# .........#
#######..#


You could see a gnoll and a goblin.

Vanquished Creatures
  Natasha (twice) (D:2)
  3 gnolls (D:2)
  An adder (D:2)
  A leopard gecko (D:1)
  A giant cockroach (D:2)
  2 jackals (D:1)
  5 kobolds (D:1)
  4 bats (D:1)
  2 goblins
  5 rats
26 creatures vanquished.

Notes
Turn   | Place    | Note
-------+----------+-------------------------------------------
     0 | D:1      | kae the Naga Fighter began the quest for the Orb.
     0 | D:1      | Reached XP level 1. HP: 21/21 MP: 1/1
   316 | D:1      | Reached XP level 2. HP: 27/28 MP: 2/2
   695 | D:2      | Noticed Natasha
   698 | D:2      | Killed Natasha
   698 | D:2      | Reached XP level 3. HP: 26/34 MP: 3/3
   783 | D:2      | Noticed Natasha
   791 | D:2      | Reached XP level 4. HP: 39/42 MP: 4/4
   813 | D:2      | Killed Natasha
   818 | D:2      | HP: 1/44 [gnoll/whip (3)]
   820 | D:2      | Slain by a gnoll

Skill      XL: |  1  2 |
---------------+-------+-----
Polearms       | 3 |  3.8
Fighting       | |  3.7
Armour         | |  2.9
Shields        | |  2.4

Action                   |  1- 3 |  4- 6 || total
-------------------------+-------+-------++-------
Melee: Trident           |    62 |    28 ||    90
  Use: Potion            |     1 |       ||     1
Armor: Scale mail        |    18 |     2 ||    20
       Skin              |     4 |    13 ||    17
Dodge: Dodged            |    10 |       ||    10
Block: Shield            |    24 |    13 ||    37
